cohdb
Replays
Latest Replays
All Replays
Popular Replays
Top Player Replays
Match Explorer
How It Works
Community
CoH3 Stats
Reddit
Sign in to upload your games and track your stats! →
Sign in with Steam
Match 43386906
Unlisted
Match 43386906
Overview
Messages
Build Orders
End
Construct Section Command Post
Infantry Section
Infantry Section
Selects Indian Artillery Battlegroup
Infantry Section
Construct Field Infirmary
Construct Platoon Command Post
Selects Valour
Infantry Training
6-pounder Anti-tank Gun Team
Selects Gurkha Rifles Section
Gurkha Rifles Section
Construct Company Command Post
Foot Guards Section
Selects Artillery Saturation
Selects Off-map Airburst Barrage
Off-map Airburst Barrage
Crusader II Medium Tank
Off-map Airburst Barrage
Crusader II Medium Tank
Off-map Airburst Barrage
Armored Vehicle Training
Off-map Airburst Barrage
Selects BL5.5 Artillery Emplacement
Selects BL5.5 Artillery Emplacement
Off-map Airburst Barrage
Royal Engineer Section
Off-map Airburst Barrage
Foot Guards Section
Selects Pillage
Off-map Airburst Barrage
Crusader II Medium Tank
koskol
legs attached
UH|ck
iceman
0
0
Comments
sign in to comment!
No comments posted yet!